[ AOE2 MATCH · #505112196 ]
UnrankedCumans vs Spanish
Player's team · LOSS
[ REPLAY ANALYSIS · EXTRACTED FROM THE RECORDED GAME ]
Feudal
11:55
Castle
23:11
Imperial
37:43
| APM avg | 34.8 |
| APM peak | 72 |
| eAPM avg | 22.4 |
| Villagers / military | 150 / 73 |
Focus
⚔️ 25.2% · 🌾 74.8%
Kipchak ×49 · Fishing Ship ×20 · Skirmisher ×17 · Battering Ram ×5 · Monk ×2
Feudal
12:10
Castle
23:56
Imperial
—
| APM avg | 39.5 |
| APM peak | 73 |
| eAPM avg | 22.2 |
| Villagers / military | 130 / 24 |
Focus
⚔️ 26.9% · 🌾 73.1%
Archer ×21 · Battering Ram ×2 · Mangonel ×1
Feudal
14:22
Castle
18:18
Imperial
—
| APM avg | 54.6 |
| APM peak | 101 |
| eAPM avg | 25.6 |
| Villagers / military | 210 / 29 |
Focus
⚔️ 19.2% · 🌾 80.8%
Conquistador ×29
Feudal
13:57
Castle
17:27
Imperial
—
| APM avg | 53.5 |
| APM peak | 95 |
| eAPM avg | 22.9 |
| Villagers / military | 81 / 37 |
Focus
⚔️ 45.8% · 🌾 54.2%
Mangudai ×37
Feudal
13:30
Castle
16:51
Imperial
—
| APM avg | 34.9 |
| APM peak | 62 |
| eAPM avg | 24.6 |
| Villagers / military | 83 / 11 |
Focus
⚔️ 40.4% · 🌾 59.6%
Mangonel ×4 · Battering Ram ×4 · Karambit Warrior ×3
Feudal
14:47
Castle
18:15
Imperial
—
| APM avg | 26.8 |
| APM peak | 62 |
| eAPM avg | 15.7 |
| Villagers / military | 136 / 50 |
Focus
⚔️ 22.5% · 🌾 77.5%
Knight ×50
Feudal
11:43
Castle
22:02
Imperial
—
| APM avg | 76.7 |
| APM peak | 140 |
| eAPM avg | 31.5 |
| Villagers / military | 89 / 48 |
Focus
⚔️ 20.1% · 🌾 79.9%
Knight ×40 · Scout Cavalry ×6 · Battering Ram ×2
Feudal
12:33
Castle
34:36
Imperial
—
| APM avg | 36.2 |
| APM peak | 85 |
| eAPM avg | 14.9 |
| Villagers / military | 68 / 14 |
Focus
⚔️ 21.3% · 🌾 78.7%
Scout Cavalry ×13 · Knight ×1
Match map
Initial resources + every placement click. Lines = walls · curves = elevation contours. ◆ gold · ⬟ stone · ● berries · ✦ relic · ◌ wall gap
Your base· Open — 7t gap
[CL] Solid Joso's base· Open — unwalled flank
CTM | IKARO's base· Open — 4t gap
[CL] Davidlk1412's base· Open — 13t gap
CTM | Lelouch jugando borracho's base· Open — unwalled flank
CTM | Crawly94's base· Open — unwalled flank
ZZZzzzzz....'s base· Open — unwalled flank
CTM | KLIN's base· Open — unwalled flank
Smoothed initial terrain · ◌ = detected wall gap · hover for details
Inputs per minute
— [CL]LaCumbiaSuave - - [CL] Solid Joso
Build order — [CL]LaCumbiaSuave
First 150 of 379 actions detected
| 0:04 | Build | Town Center |
| 2:35 | Create | Villager (Male) |
| 2:35 | Create | Villager (Male) |
| 2:40 | Build | House |
| 3:10 | Create | Villager (Male) |
| 3:10 | Create | Villager (Male) |
| 3:49 | Create | Villager (Male) |
| 4:13 | Create | Villager (Male) |
| 4:28 | Build | Lumber Camp |
| 4:32 | Create | Villager (Male) |
| 4:51 | Build | House |
| 4:55 | Create | Villager (Male) |
| 5:15 | Create | Villager (Male) |
| 5:42 | Create | Villager (Male) |
| 6:03 | Build | Palisade Wall |
| 6:11 | Create | Villager (Male) |
| 6:24 | Create | Villager (Male) |
| 6:32 | Build | House |
| 7:32 | Create | Villager (Male) |
| 7:56 | Create | Villager (Male) |
| 8:00 | Research | Loom |
| 8:22 | Build | Mill |
| 8:38 | Create | Villager (Male) |
| 8:51 | Create | Villager (Male) |
| 9:45 | Research | Feudal Age |
| 11:23 | Build | House |
| 11:34 | Create | Villager (Male) |
| 11:34 | Create | Villager (Male) |
| 11:36 | Create | Villager (Male) |
| 11:36 | Create | Villager (Male) |
| 11:55 | Age | Feudal Age |
| 12:04 | Build | Town Center |
| 12:06 | Create | Villager (Male) |
| 12:14 | Create | Villager (Male) |
| 12:26 | Build | Dock |
| 13:06 | Research | Double-Bit Axe |
| 13:08 | Create | Villager (Male) |
| 13:46 | Create | Fishing Ship |
| 14:01 | Create | Villager (Male) |
| 14:07 | Build | House |
| 14:09 | Create | Villager (Male) |
| 14:10 | Create | Villager (Male) |
| 14:10 | Create | Villager (Male) |
| 14:32 | Create | Villager (Male) |
| 14:39 | Create | Fishing Ship |
| 14:45 | Create | Villager (Male) |
| 14:49 | Create | Villager (Male) |
| 14:54 | Build | House |
| 14:58 | Build | House |
| 15:01 | Create | Villager (Male) |
| 15:06 | Build | Farm |
| 15:07 | Create | Villager (Male) |
| 15:18 | Create | Fishing Ship |
| 15:24 | Create | Villager (Male) |
| 15:33 | Create | Villager (Male) |
| 15:38 | Build | Farm |
| 15:40 | Create | Villager (Male) |
| 15:45 | Build | House |
| 15:51 | Build | Farm |
| 16:00 | Research | Wheelbarrow |
| 16:04 | Create | Villager (Male) |
| 16:06 | Create | Fishing Ship |
| 16:25 | Build | Fish Trap |
| 16:29 | Create | Villager (Male) |
| 16:36 | Create | Villager (Male) |
| 16:45 | Build | Fish Trap |
| 16:49 | Create | Villager (Male) |
| 16:54 | Build | Fish Trap |
| 17:07 | Build | Fish Trap |
| 17:10 | Create | Fishing Ship |
| 17:19 | Create | Villager (Male) |
| 17:24 | Build | Fish Trap |
| 17:31 | Create | Villager (Male) |
| 17:56 | Build | Fish Trap |
| 17:57 | Create | Fishing Ship |
| 18:11 | Build | Farm |
| 18:14 | Build | Farm |
| 18:16 | Create | Villager (Male) |
| 18:18 | Create | Villager (Male) |
| 18:21 | Build | Dock |
| 18:29 | Create | Fishing Ship |
| 18:58 | Create | Villager (Male) |
| 19:00 | Build | Fish Trap |
| 19:03 | Build | House |
| 19:06 | Build | House |
| 19:13 | Build | Market |
| 19:18 | Create | Villager (Male) |
| 19:18 | Create | Villager (Male) |
| 19:26 | Build | Fish Trap |
| 19:36 | Create | Villager (Male) |
| 19:36 | Create | Villager (Male) |
| 19:36 | Create | Villager (Male) |
| 19:55 | Create | Villager (Male) |
| 19:56 | Build | Blacksmith |
| 20:05 | Create | Villager (Male) |
| 20:14 | Create | Fishing Ship |
| 20:16 | Create | Fishing Ship |
| 20:20 | Build | House |
| 20:23 | Create | Villager (Male) |
| 20:31 | Research | Castle Age |
| 20:40 | Create | Fishing Ship |
| 20:45 | Build | House |
| 20:48 | Build | House |
| 20:52 | Create | Villager (Male) |
| 20:58 | Create | Villager (Male) |
| 21:01 | Build | Fish Trap |
| 21:05 | Build | Fish Trap |
| 21:12 | Build | Farm |
| 21:12 | Create | Villager (Male) |
| 21:19 | Build | House |
| 21:21 | Build | Palisade Wall |
| 21:26 | Build | Farm |
| 21:26 | Create | Villager (Male) |
| 21:31 | Create | Villager (Male) |
| 22:06 | Create | Villager (Male) |
| 22:10 | Create | Villager (Male) |
| 22:11 | Create | Villager (Male) |
| 22:16 | Build | Barracks |
| 22:22 | Create | Fishing Ship |
| 22:22 | Create | Fishing Ship |
| 22:37 | Research | Fletching |
| 22:41 | Create | Villager (Male) |
| 22:41 | Create | Villager (Male) |
| 22:44 | Build | Archery Range |
| 22:45 | Build | Archery Range |
| 22:49 | Build | Archery Range |
| 22:54 | Create | Fishing Ship |
| 22:58 | Create | Fishing Ship |
| 23:09 | Research | Padded Archer Armor |
| 23:11 | Age | Castle Age |
| 23:17 | Research | Elite Skirmisher (upgrade) |
| 23:26 | Create | Skirmisher |
| 23:26 | Create | Skirmisher |
| 23:26 | Create | Skirmisher |
| 23:33 | Build | University |
| 23:41 | Create | Skirmisher |
| 23:53 | Build | Castle |
| 24:01 | Create | Villager (Male) |
| 24:02 | Create | Villager (Male) |
| 24:05 | Create | Skirmisher |
| 24:17 | Build | Farm |
| 24:19 | Build | Farm |
| 24:22 | Build | House |
| 24:23 | Build | House |
| 24:26 | Create | Villager (Male) |
| 24:31 | Create | Skirmisher |
| 24:40 | Create | Skirmisher |
| 24:41 | Create | Skirmisher |
| 24:41 | Create | Skirmisher |
| 25:07 | Research | Tech 906 |
Build order — [CL] Solid Joso
First 150 of 301 actions detected
| 0:19 | Build | Town Center |
| 2:24 | Build | House |
| 2:29 | Create | Villager (Male) |
| 2:30 | Create | Villager (Male) |
| 2:30 | Create | Villager (Male) |
| 2:30 | Create | Villager (Male) |
| 3:02 | Research | Loom |
| 3:03 | Build | House |
| 3:18 | Build | House |
| 3:21 | Create | Villager (Male) |
| 3:22 | Create | Villager (Male) |
| 3:46 | Create | Villager (Male) |
| 4:29 | Create | Villager (Male) |
| 4:29 | Create | Villager (Male) |
| 4:36 | Build | House |
| 4:52 | Create | Villager (Male) |
| 5:12 | Create | Villager (Male) |
| 5:30 | Build | Lumber Camp |
| 5:36 | Build | Lumber Camp |
| 6:01 | Create | Villager (Male) |
| 6:01 | Create | Villager (Male) |
| 6:24 | Build | House |
| 7:25 | Create | Villager (Male) |
| 7:25 | Create | Villager (Male) |
| 7:31 | Create | Villager (Male) |
| 7:44 | Create | Villager (Male) |
| 8:31 | Build | Mill |
| 8:33 | Create | Villager (Male) |
| 8:54 | Create | Villager (Male) |
| 9:01 | Build | House |
| 9:58 | Research | Feudal Age |
| 10:25 | Build | Mining Camp |
| 10:27 | Create | Villager (Male) |
| 10:54 | Create | Villager (Male) |
| 11:50 | Build | Barracks |
| 11:59 | Create | Villager (Male) |
| 12:10 | Age | Feudal Age |
| 12:18 | Research | Wheelbarrow |
| 12:41 | Build | Archery Range |
| 12:48 | Create | Villager (Male) |
| 13:03 | Build | House |
| 13:07 | Create | Villager (Male) |
| 13:16 | Build | Palisade Wall |
| 13:21 | Research | Town Watch |
| 13:23 | Create | Archer |
| 13:31 | Research | Town Watch |
| 13:44 | Build | Lumber Camp |
| 13:47 | Create | Villager (Male) |
| 13:56 | Create | Archer |
| 14:01 | Build | Blacksmith |
| 14:04 | Create | Villager (Male) |
| 14:11 | Research | Double-Bit Axe |
| 14:16 | Create | Archer |
| 14:33 | Create | Archer |
| 14:45 | Create | Villager (Male) |
| 15:22 | Create | Archer |
| 15:22 | Create | Villager (Male) |
| 15:27 | Build | House |
| 15:30 | Build | House |
| 15:44 | Research | Fletching |
| 16:02 | Create | Villager (Male) |
| 16:14 | Create | Archer |
| 16:34 | Create | Villager (Male) |
| 16:44 | Create | Archer |
| 17:00 | Create | Villager (Male) |
| 17:01 | Create | Villager (Male) |
| 17:21 | Create | Villager (Male) |
| 17:26 | Create | Archer |
| 17:36 | Build | House |
| 17:44 | Create | Villager (Male) |
| 17:48 | Build | Farm |
| 17:48 | Build | Farm |
| 17:48 | Build | Farm |
| 17:49 | Build | Farm |
| 17:52 | Create | Villager (Male) |
| 18:04 | Build | House |
| 18:06 | Build | House |
| 18:30 | Create | Archer |
| 18:31 | Create | Archer |
| 18:41 | Create | Villager (Male) |
| 18:54 | Create | Villager (Male) |
| 19:00 | Create | Archer |
| 19:02 | Build | House |
| 19:24 | Create | Villager (Male) |
| 19:42 | Build | Farm |
| 19:44 | Build | Mill |
| 19:45 | Build | Farm |
| 19:45 | Build | Farm |
| 19:46 | Build | Farm |
| 19:46 | Build | Farm |
| 19:46 | Build | Farm |
| 20:09 | Create | Villager (Male) |
| 20:30 | Build | Market |
| 20:35 | Create | Villager (Male) |
| 20:51 | Create | Archer |
| 20:58 | Build | Mining Camp |
| 21:16 | Research | Castle Age |
| 21:16 | Research | Castle Age |
| 22:19 | Create | Archer |
| 22:27 | Research | Stone Mining |
| 22:30 | Research | Gold Mining |
| 22:35 | Create | Villager (Male) |
| 22:45 | Create | Archer |
| 23:02 | Create | Archer |
| 23:11 | Build | House |
| 23:12 | Build | House |
| 23:14 | Build | House |
| 23:15 | Build | House |
| 23:56 | Age | Castle Age |
| 24:07 | Build | Castle |
| 24:29 | Build | Town Center |
| 24:34 | Create | Villager (Male) |
| 24:45 | Research | Crossbowman (upgrade) |
| 25:30 | Build | Town Center |
| 26:01 | Create | Villager (Male) |
| 26:42 | Create | Villager (Male) |
| 26:43 | Create | Villager (Male) |
| 26:43 | Create | Villager (Male) |
| 27:07 | Create | Villager (Male) |
| 27:09 | Create | Villager (Male) |
| 27:31 | Build | House |
| 28:01 | Build | House |
| 28:02 | Build | House |
| 28:03 | Create | Villager (Male) |
| 28:03 | Create | Villager (Male) |
| 28:04 | Create | Villager (Male) |
| 28:04 | Create | Villager (Male) |
| 28:04 | Create | Villager (Male) |
| 28:04 | Create | Villager (Male) |
| 28:05 | Create | Villager (Male) |
| 28:05 | Create | Villager (Male) |
| 28:05 | Create | Villager (Male) |
| 28:05 | Create | Villager (Male) |
| 28:06 | Create | Villager (Male) |
| 28:35 | Research | Hand Cart |
| 28:49 | Build | Farm |
| 28:50 | Build | Farm |
| 28:50 | Build | Farm |
| 29:08 | Create | Villager (Male) |
| 29:08 | Create | Villager (Male) |
| 29:15 | Create | Villager (Male) |
| 29:20 | Build | Farm |
| 29:20 | Build | Farm |
| 29:20 | Build | Farm |
| 29:21 | Build | Farm |
| 29:21 | Build | Farm |
| 29:21 | Build | Farm |
| 29:21 | Build | Farm |
| 29:45 | Build | Siege Workshop |
| 29:49 | Create | Villager (Male) |
Build order — CTM | IKARO
First 150 of 385 actions detected
| 0:27 | Build | Town Center |
| 2:23 | Build | House |
| 2:52 | Create | Villager (Male) |
| 2:53 | Create | Villager (Male) |
| 2:53 | Create | Villager (Male) |
| 2:53 | Create | Villager (Male) |
| 4:04 | Create | Villager (Male) |
| 4:05 | Create | Villager (Male) |
| 4:31 | Create | Villager (Male) |
| 4:38 | Build | House |
| 4:40 | Build | House |
| 4:47 | Build | Lumber Camp |
| 4:58 | Build | Lumber Camp |
| 4:59 | Create | Villager (Male) |
| 4:59 | Create | Villager (Male) |
| 5:23 | Create | Villager (Male) |
| 6:01 | Build | House |
| 6:11 | Build | House |
| 6:22 | Create | Villager (Male) |
| 6:22 | Create | Villager (Male) |
| 7:12 | Create | Villager (Male) |
| 7:13 | Create | Villager (Male) |
| 7:13 | Create | Villager (Male) |
| 7:21 | Create | Villager (Male) |
| 7:35 | Create | Villager (Male) |
| 7:35 | Create | Villager (Male) |
| 7:56 | Build | Palisade Wall |
| 8:05 | Build | House |
| 8:22 | Create | Villager (Male) |
| 8:22 | Create | Villager (Male) |
| 8:23 | Create | Villager (Male) |
| 8:23 | Create | Villager (Male) |
| 8:41 | Build | House |
| 8:50 | Build | House |
| 9:01 | Create | Villager (Male) |
| 9:01 | Create | Villager (Male) |
| 9:10 | Create | Villager (Male) |
| 9:10 | Create | Villager (Male) |
| 9:24 | Build | House |
| 9:25 | Build | House |
| 9:34 | Create | Villager (Male) |
| 9:44 | Research | Loom |
| 9:44 | Create | Villager (Male) |
| 9:45 | Create | Villager (Male) |
| 9:49 | Create | Villager (Male) |
| 9:51 | Create | Villager (Male) |
| 9:55 | Build | Mill |
| 10:12 | Create | Villager (Male) |
| 10:12 | Create | Villager (Male) |
| 10:35 | Create | Villager (Male) |
| 10:35 | Create | Villager (Male) |
| 10:41 | Build | Palisade Wall |
| 10:48 | Build | House |
| 11:01 | Build | House |
| 11:06 | Build | House |
| 11:13 | Build | House |
| 11:31 | Create | Villager (Male) |
| 11:31 | Create | Villager (Male) |
| 11:31 | Create | Villager (Male) |
| 11:32 | Create | Villager (Male) |
| 12:04 | Research | Feudal Age |
| 12:05 | Research | Feudal Age |
| 12:07 | Build | Mining Camp |
| 12:20 | Build | Mining Camp |
| 12:54 | Build | Palisade Wall |
| 13:06 | Build | Palisade Gate |
| 14:21 | Create | Villager (Male) |
| 14:21 | Create | Villager (Male) |
| 14:22 | Age | Feudal Age |
| 14:28 | Build | Market |
| 14:32 | Build | Blacksmith |
| 14:52 | Create | Villager (Male) |
| 15:25 | Research | Castle Age |
| 15:25 | Research | Castle Age |
| 15:57 | Research | Double-Bit Axe |
| 16:20 | Research | Horse Collar |
| 16:40 | Build | House |
| 16:46 | Research | Gold Mining |
| 17:32 | Create | Villager (Male) |
| 18:18 | Age | Castle Age |
| 18:26 | Build | Castle |
| 18:27 | Build | Mill |
| 18:33 | Research | Bow Saw |
| 18:34 | Research | Bow Saw |
| 18:35 | Create | Villager (Male) |
| 19:00 | Create | Villager (Male) |
| 19:27 | Build | Town Center |
| 19:31 | Create | Villager (Male) |
| 19:32 | Create | Conquistador |
| 19:32 | Create | Conquistador |
| 19:33 | Create | Conquistador |
| 19:52 | Build | Farm |
| 19:53 | Build | Farm |
| 20:00 | Create | Villager (Male) |
| 20:14 | Create | Villager (Male) |
| 20:14 | Create | Villager (Male) |
| 20:16 | Build | Farm |
| 20:23 | Create | Conquistador |
| 20:33 | Create | Villager (Male) |
| 20:33 | Create | Villager (Male) |
| 20:33 | Create | Villager (Male) |
| 20:34 | Create | Villager (Male) |
| 20:49 | Build | Farm |
| 20:50 | Create | Villager (Male) |
| 20:50 | Create | Villager (Male) |
| 21:02 | Create | Villager (Male) |
| 21:02 | Create | Villager (Male) |
| 21:07 | Build | Farm |
| 21:07 | Create | Villager (Male) |
| 21:08 | Create | Villager (Male) |
| 21:11 | Build | Farm |
| 21:13 | Create | Villager (Male) |
| 21:13 | Create | Villager (Male) |
| 21:32 | Create | Conquistador |
| 21:57 | Create | Villager (Male) |
| 22:04 | Create | Villager (Male) |
| 22:05 | Create | Villager (Male) |
| 22:05 | Create | Villager (Male) |
| 22:05 | Create | Villager (Male) |
| 22:08 | Build | Farm |
| 22:22 | Create | Conquistador |
| 22:22 | Create | Conquistador |
| 22:28 | Create | Villager (Male) |
| 22:28 | Create | Villager (Male) |
| 22:36 | Create | Villager (Male) |
| 22:37 | Create | Villager (Male) |
| 22:44 | Create | Villager (Male) |
| 22:44 | Create | Villager (Male) |
| 22:55 | Create | Conquistador |
| 23:33 | Create | Conquistador |
| 23:33 | Create | Conquistador |
| 23:35 | Create | Villager (Male) |
| 24:03 | Create | Villager (Male) |
| 24:03 | Create | Villager (Male) |
| 24:06 | Create | Villager (Male) |
| 24:06 | Create | Villager (Male) |
| 24:10 | Build | Farm |
| 24:10 | Build | Farm |
| 24:10 | Build | Farm |
| 24:10 | Build | Farm |
| 24:10 | Build | Farm |
| 24:13 | Create | Villager (Male) |
| 24:13 | Create | Villager (Male) |
| 24:17 | Build | Town Center |
| 24:35 | Create | Villager (Male) |
| 24:35 | Create | Villager (Male) |
| 24:43 | Build | Farm |
| 24:45 | Build | Farm |
| 25:03 | Create | Villager (Male) |
| 25:03 | Create | Villager (Male) |
Build order — [CL] Davidlk1412
First 150 of 215 actions detected
| 0:14 | Build | Town Center |
| 2:37 | Create | Villager (Male) |
| 2:37 | Create | Villager (Male) |
| 2:38 | Create | Villager (Male) |
| 2:38 | Create | Villager (Male) |
| 2:42 | Build | House |
| 3:39 | Create | Villager (Male) |
| 3:55 | Create | Villager (Male) |
| 4:11 | Build | House |
| 4:13 | Build | House |
| 4:25 | Create | Villager (Male) |
| 5:07 | Build | House |
| 5:15 | Create | Villager (Male) |
| 5:29 | Create | Villager (Male) |
| 5:33 | Build | Lumber Camp |
| 6:07 | Create | Villager (Male) |
| 6:23 | Create | Villager (Male) |
| 6:37 | Create | Villager (Male) |
| 7:08 | Build | Mill |
| 7:09 | Create | Villager (Male) |
| 7:10 | Create | Villager (Male) |
| 7:14 | Create | Villager (Male) |
| 7:18 | Create | Villager (Male) |
| 7:26 | Build | House |
| 7:32 | Create | Villager (Male) |
| 7:55 | Build | House |
| 8:02 | Create | Villager (Male) |
| 8:18 | Create | Villager (Male) |
| 8:33 | Build | Mill |
| 9:27 | Build | Mill |
| 10:14 | Build | Mining Camp |
| 10:22 | Create | Villager (Male) |
| 10:26 | Build | House |
| 10:38 | Build | House |
| 10:46 | Create | Villager (Male) |
| 10:54 | Create | Villager (Male) |
| 11:08 | Research | Feudal Age |
| 11:12 | Research | Loom |
| 11:14 | Research | Feudal Age |
| 12:40 | Build | House |
| 12:58 | Build | House |
| 13:18 | Create | Villager (Male) |
| 13:18 | Create | Villager (Male) |
| 13:57 | Age | Feudal Age |
| 13:59 | Build | Market |
| 14:00 | Build | Blacksmith |
| 14:01 | Research | Double-Bit Axe |
| 14:05 | Research | Gold Mining |
| 14:05 | Research | Stone Mining |
| 14:26 | Research | Stone Mining |
| 14:27 | Research | Gold Mining |
| 14:46 | Research | Castle Age |
| 15:22 | Build | House |
| 15:36 | Build | House |
| 15:40 | Build | Palisade Wall |
| 15:50 | Build | Palisade Wall |
| 15:53 | Build | Palisade Wall |
| 15:56 | Build | House |
| 15:59 | Build | Palisade Wall |
| 16:03 | Build | Palisade Wall |
| 16:08 | Research | Fletching |
| 16:43 | Create | Villager (Male) |
| 17:27 | Age | Castle Age |
| 17:36 | Build | Castle |
| 18:13 | Create | Villager (Male) |
| 18:14 | Research | Bodkin Arrow |
| 18:45 | Create | Villager (Male) |
| 18:56 | Create | Mangudai |
| 19:07 | Create | Mangudai |
| 19:16 | Build | Lumber Camp |
| 19:28 | Create | Mangudai |
| 19:33 | Create | Villager (Male) |
| 19:34 | Create | Villager (Male) |
| 20:03 | Create | Villager (Male) |
| 20:08 | Create | Mangudai |
| 20:10 | Create | Villager (Male) |
| 20:35 | Create | Mangudai |
| 20:49 | Create | Villager (Male) |
| 20:59 | Create | Mangudai |
| 21:02 | Create | Mangudai |
| 21:02 | Create | Villager (Male) |
| 21:13 | Create | Mangudai |
| 21:26 | Create | Mangudai |
| 21:31 | Build | University |
| 21:40 | Create | Mangudai |
| 22:06 | Create | Mangudai |
| 22:27 | Research | Ballistics |
| 22:31 | Create | Villager (Male) |
| 22:31 | Create | Villager (Male) |
| 22:39 | Create | Villager (Male) |
| 22:40 | Create | Mangudai |
| 22:49 | Build | Palisade Wall |
| 22:49 | Build | Palisade Wall |
| 22:50 | Build | Palisade Wall |
| 22:50 | Build | Palisade Wall |
| 22:51 | Build | Palisade Wall |
| 22:51 | Build | Palisade Wall |
| 22:54 | Build | Palisade Wall |
| 22:55 | Build | Palisade Wall |
| 22:58 | Build | Palisade Wall |
| 23:01 | Build | Palisade Wall |
| 23:02 | Build | Palisade Wall |
| 23:03 | Build | Palisade Wall |
| 23:05 | Build | Palisade Wall |
| 23:09 | Create | Mangudai |
| 23:10 | Create | Villager (Male) |
| 23:50 | Create | Villager (Male) |
| 24:05 | Create | Mangudai |
| 24:15 | Create | Mangudai |
| 24:20 | Create | Mangudai |
| 24:21 | Create | Villager (Male) |
| 24:31 | Create | Mangudai |
| 24:31 | Create | Villager (Male) |
| 24:50 | Build | Lumber Camp |
| 25:06 | Create | Villager (Male) |
| 25:23 | Create | Villager (Male) |
| 25:44 | Create | Mangudai |
| 25:45 | Create | Mangudai |
| 25:45 | Create | Villager (Male) |
| 26:13 | Create | Villager (Male) |
| 26:14 | Create | Mangudai |
| 26:23 | Create | Villager (Male) |
| 26:53 | Build | Town Center |
| 26:57 | Create | Villager (Male) |
| 27:06 | Create | Villager (Male) |
| 27:09 | Build | House |
| 27:32 | Create | Villager (Male) |
| 27:34 | Create | Mangudai |
| 27:42 | Create | Villager (Male) |
| 28:00 | Create | Mangudai |
| 28:02 | Create | Mangudai |
| 28:05 | Create | Villager (Male) |
| 28:26 | Create | Villager (Male) |
| 28:42 | Build | Farm |
| 28:59 | Create | Villager (Male) |
| 29:10 | Create | Mangudai |
| 29:35 | Create | Mangudai |
| 29:36 | Create | Mangudai |
| 29:47 | Create | Mangudai |
| 30:22 | Create | Mangudai ×5 |
| 30:46 | Create | Mangudai |
| 31:04 | Create | Mangudai |
| 31:37 | Build | Farm |
| 31:38 | Build | Farm |
| 31:38 | Build | Farm |
| 31:38 | Build | Farm |
| 31:38 | Build | Farm |
| 31:39 | Build | Farm |
| 31:39 | Build | Farm |
| 31:40 | Create | Villager (Male) |
Build order — CTM | Lelouch jugando borracho
First 150 of 184 actions detected
| 0:16 | Build | Town Center |
| 2:36 | Create | Villager (Male) |
| 2:37 | Create | Villager (Male) |
| 2:37 | Create | Villager (Male) |
| 2:37 | Create | Villager (Male) |
| 2:45 | Build | House |
| 3:54 | Create | Villager (Male) |
| 4:26 | Create | Villager (Male) |
| 4:26 | Create | Villager (Male) |
| 4:40 | Build | House |
| 4:47 | Build | House |
| 4:56 | Create | Villager (Male) |
| 5:26 | Create | Villager (Male) |
| 5:41 | Build | Lumber Camp |
| 5:45 | Build | Lumber Camp |
| 5:48 | Create | Villager (Male) |
| 6:22 | Create | Villager (Male) |
| 6:22 | Create | Villager (Male) |
| 6:43 | Build | House |
| 6:53 | Create | Villager (Male) |
| 7:04 | Create | Villager (Male) |
| 7:19 | Build | House |
| 7:21 | Create | Villager (Male) |
| 7:49 | Build | Palisade Wall |
| 7:53 | Create | Villager (Male) |
| 7:53 | Create | Villager (Male) |
| 8:10 | Build | Mill |
| 8:17 | Build | Palisade Wall |
| 8:25 | Create | Villager (Male) |
| 8:51 | Create | Villager (Male) |
| 9:01 | Build | Palisade Wall |
| 9:02 | Build | House |
| 9:06 | Create | Villager (Male) |
| 9:18 | Create | Villager (Male) |
| 9:38 | Create | Villager (Male) |
| 9:51 | Create | Villager (Male) |
| 9:54 | Create | Villager (Male) |
| 10:57 | Build | Mill |
| 11:40 | Build | Palisade Wall |
| 11:45 | Research | Loom |
| 12:06 | Build | Palisade Wall |
| 12:07 | Research | Feudal Age |
| 12:07 | Research | Feudal Age |
| 12:31 | Create | Villager (Male) |
| 12:39 | Build | Palisade Wall |
| 12:43 | Build | Palisade Wall |
| 12:45 | Build | Palisade Wall |
| 12:47 | Build | Palisade Wall |
| 12:52 | Build | Palisade Wall |
| 12:56 | Build | Palisade Wall |
| 13:14 | Build | Palisade Gate |
| 13:24 | Build | Palisade Wall |
| 13:30 | Age | Feudal Age |
| 13:36 | Build | Blacksmith |
| 13:38 | Create | Villager (Male) |
| 13:38 | Create | Villager (Male) |
| 13:38 | Create | Villager (Male) |
| 13:43 | Build | Market |
| 13:45 | Create | Villager (Male) |
| 14:16 | Build | Palisade Wall |
| 14:31 | Build | Mining Camp |
| 14:56 | Build | House |
| 15:15 | Research | Castle Age |
| 15:34 | Build | Watch Tower |
| 15:48 | Create | Villager (Male) |
| 15:56 | Build | House |
| 15:58 | Build | Palisade Wall |
| 16:01 | Build | Palisade Wall |
| 16:04 | Build | House |
| 16:06 | Build | Palisade Gate |
| 16:08 | Build | Palisade Wall |
| 16:10 | Build | Palisade Wall |
| 16:14 | Build | Palisade Wall |
| 16:51 | Age | Castle Age |
| 17:02 | Build | Town Center |
| 17:19 | Create | Villager (Male) |
| 18:56 | Build | Siege Workshop |
| 19:19 | Create | Villager (Male) |
| 19:21 | Build | Palisade Wall |
| 19:57 | Create | Villager (Male) |
| 19:58 | Create | Villager (Male) |
| 20:03 | Create | Battering Ram |
| 20:07 | Create | Mangonel |
| 20:28 | Create | Villager (Male) |
| 20:28 | Create | Villager (Male) |
| 20:53 | Build | Outpost |
| 21:01 | Build | Farm |
| 21:07 | Create | Villager (Male) |
| 21:20 | Build | Castle |
| 21:54 | Create | Villager (Male) |
| 21:54 | Create | Villager (Male) |
| 22:15 | Create | Villager (Male) |
| 22:44 | Create | Villager (Male) |
| 22:44 | Create | Villager (Male) |
| 22:50 | Create | Mangonel |
| 22:50 | Create | Mangonel |
| 22:52 | Build | Farm |
| 23:17 | Build | House |
| 23:26 | Build | Palisade Gate |
| 24:18 | Create | Villager (Male) |
| 25:07 | Build | Castle |
| 25:12 | Build | Farm |
| 25:13 | Build | Farm |
| 25:13 | Build | Farm |
| 25:13 | Build | Farm |
| 25:28 | Create | Battering Ram |
| 25:50 | Create | Villager (Male) |
| 26:27 | Create | Villager (Male) |
| 26:48 | Create | Villager (Male) |
| 27:04 | Build | Lumber Camp |
| 27:06 | Build | Farm |
| 27:10 | Research | Fletching |
| 27:11 | Create | Villager (Male) |
| 27:41 | Create | Villager (Male) |
| 27:41 | Create | Villager (Male) |
| 27:54 | Build | House |
| 27:57 | Build | House |
| 28:07 | Build | Farm |
| 28:09 | Create | Villager (Male) |
| 28:11 | Create | Battering Ram |
| 28:36 | Create | Villager (Male) |
| 28:44 | Build | Farm |
| 28:48 | Create | Villager (Male) |
| 28:48 | Create | Villager (Male) |
| 29:04 | Build | House |
| 29:08 | Build | House |
| 29:10 | Build | House |
| 29:34 | Create | Battering Ram |
| 29:36 | Create | Villager (Male) |
| 29:49 | Build | House |
| 29:50 | Build | House |
| 30:10 | Build | House |
| 30:28 | Build | Farm |
| 30:29 | Build | Farm |
| 30:29 | Build | Farm |
| 30:29 | Build | Farm |
| 30:30 | Build | Farm |
| 30:30 | Build | Farm |
| 30:34 | Create | Villager (Male) |
| 30:34 | Create | Villager (Male) |
| 30:50 | Create | Villager (Male) |
| 31:16 | Create | Villager (Male) |
| 31:16 | Create | Villager (Male) |
| 31:20 | Build | House |
| 31:21 | Build | Farm |
| 31:28 | Build | Farm |
| 31:50 | Create | Villager (Male) |
| 31:50 | Create | Villager (Male) |
| 32:05 | Build | Farm |
| 32:06 | Build | Farm |
Build order — CTM | Crawly94
First 150 of 310 actions detected
| 1:10 | Build | Town Center |
| 1:27 | Build | House |
| 1:29 | Build | House |
| 3:36 | Create | Villager (Male) |
| 3:36 | Create | Villager (Male) |
| 3:36 | Create | Villager (Male) |
| 3:38 | Create | Villager (Male) |
| 3:39 | Create | Villager (Male) |
| 5:00 | Create | Villager (Male) |
| 5:00 | Create | Villager (Male) |
| 5:39 | Build | Lumber Camp |
| 5:52 | Create | Villager (Male) |
| 5:52 | Create | Villager (Male) |
| 5:53 | Create | Villager (Male) |
| 6:34 | Create | Villager (Male) |
| 6:34 | Create | Villager (Male) |
| 7:07 | Create | Villager (Male) |
| 7:07 | Create | Villager (Male) |
| 7:21 | Research | Loom |
| 7:42 | Create | Villager (Male) |
| 7:43 | Create | Villager (Male) |
| 7:43 | Create | Villager (Male) |
| 7:43 | Create | Villager (Male) |
| 7:54 | Build | House |
| 7:58 | Build | Palisade Wall |
| 7:59 | Build | Palisade Wall |
| 8:01 | Build | Palisade Wall |
| 8:07 | Build | Palisade Wall |
| 8:10 | Create | Villager (Male) |
| 8:17 | Create | Villager (Male) |
| 8:46 | Build | House |
| 9:04 | Build | House |
| 9:06 | Create | Villager (Male) |
| 9:25 | Create | Villager (Male) |
| 10:07 | Build | Palisade Wall |
| 10:09 | Create | Villager (Male) |
| 10:12 | Build | Mining Camp |
| 10:17 | Create | Villager (Male) |
| 10:35 | Build | House |
| 10:39 | Build | House |
| 10:43 | Build | Palisade Wall |
| 10:46 | Build | Palisade Wall |
| 10:54 | Create | Villager (Male) |
| 11:14 | Build | Mill |
| 11:18 | Create | Villager (Male) |
| 12:04 | Research | Feudal Age |
| 12:50 | Build | House |
| 13:11 | Create | Villager (Male) |
| 14:18 | Build | Farm |
| 14:47 | Age | Feudal Age |
| 14:50 | Build | Market |
| 14:58 | Build | Blacksmith |
| 14:59 | Create | Villager (Male) |
| 15:18 | Build | Palisade Gate |
| 15:22 | Build | Palisade Wall |
| 15:27 | Research | Double-Bit Axe |
| 15:50 | Research | Castle Age |
| 15:50 | Research | Castle Age |
| 16:02 | Build | Farm |
| 16:17 | Research | Gold Mining |
| 16:46 | Research | Horse Collar |
| 16:46 | Research | Horse Collar |
| 17:11 | Build | Farm |
| 17:16 | Build | Farm |
| 17:33 | Build | Farm |
| 17:38 | Build | Farm |
| 17:43 | Build | Farm |
| 17:49 | Research | Town Watch |
| 18:15 | Age | Castle Age |
| 18:24 | Build | Barracks |
| 18:33 | Create | Villager (Male) |
| 18:52 | Create | Villager (Male) |
| 19:16 | Create | Villager (Male) |
| 19:23 | Build | Stable |
| 19:30 | Create | Villager (Male) |
| 19:46 | Build | Farm |
| 20:03 | Build | Stable |
| 20:04 | Create | Knight |
| 20:06 | Create | Knight |
| 20:35 | Build | House |
| 20:37 | Build | House |
| 20:39 | Create | Villager (Male) |
| 20:52 | Research | Scale Barding Armor |
| 20:58 | Create | Knight |
| 20:58 | Create | Knight |
| 20:58 | Create | Knight |
| 21:01 | Build | Farm |
| 21:04 | Build | Farm |
| 21:15 | Create | Villager (Male) |
| 21:16 | Create | Villager (Male) |
| 21:16 | Create | Villager (Male) |
| 21:16 | Create | Villager (Male) |
| 21:45 | Build | Town Center |
| 21:49 | Create | Villager (Male) |
| 22:04 | Create | Knight |
| 22:06 | Create | Villager (Male) |
| 22:07 | Create | Villager (Male) |
| 22:09 | Build | Farm |
| 22:37 | Create | Knight |
| 22:50 | Build | Farm |
| 22:57 | Create | Villager (Male) |
| 22:57 | Create | Villager (Male) |
| 23:07 | Create | Knight |
| 23:07 | Create | Knight |
| 23:42 | Create | Knight |
| 23:43 | Create | Knight |
| 23:50 | Build | Farm |
| 23:50 | Build | Farm |
| 23:51 | Build | Farm |
| 23:54 | Build | Farm |
| 23:58 | Build | House |
| 24:04 | Build | Lumber Camp |
| 24:07 | Create | Villager (Male) |
| 24:07 | Create | Villager (Male) |
| 24:20 | Create | Knight |
| 24:20 | Create | Knight |
| 24:51 | Create | Villager (Male) |
| 24:52 | Create | Knight |
| 24:52 | Create | Knight |
| 25:03 | Build | Town Center |
| 25:06 | Create | Villager (Male) |
| 25:06 | Create | Villager (Male) |
| 25:36 | Create | Knight |
| 25:36 | Create | Knight |
| 25:37 | Create | Villager (Male) |
| 25:37 | Create | Villager (Male) |
| 25:38 | Create | Villager (Male) |
| 26:06 | Create | Knight |
| 26:07 | Create | Knight |
| 26:20 | Build | House |
| 26:21 | Build | House |
| 26:22 | Build | House |
| 26:23 | Build | House |
| 26:24 | Build | House |
| 26:26 | Build | House |
| 26:28 | Build | House |
| 26:29 | Build | House |
| 26:30 | Build | House |
| 26:31 | Build | House |
| 26:32 | Build | House |
| 26:33 | Build | House |
| 26:37 | Research | Husbandry |
| 26:41 | Create | Villager (Male) |
| 26:41 | Create | Villager (Male) |
| 26:41 | Create | Villager (Male) |
| 27:17 | Create | Villager (Male) |
| 27:17 | Create | Villager (Male) |
| 27:18 | Create | Villager (Male) |
| 27:18 | Create | Villager (Male) |
| 27:31 | Create | Villager (Male) |
Build order — ZZZzzzzz....
First 150 of 220 actions detected
| 0:17 | Build | Town Center |
| 2:43 | Research | Loom |
| 3:09 | Create | Villager (Male) |
| 3:33 | Create | Villager (Male) |
| 4:03 | Create | Villager (Male) |
| 4:32 | Create | Villager (Male) |
| 4:54 | Build | Lumber Camp |
| 4:56 | Create | Villager (Male) |
| 4:56 | Create | Villager (Male) |
| 4:56 | Create | Villager (Male) |
| 5:43 | Create | Villager (Male) |
| 5:50 | Build | House |
| 6:13 | Create | Villager (Male) |
| 6:36 | Create | Villager (Male) |
| 7:01 | Create | Villager (Male) |
| 7:23 | Create | Villager (Male) |
| 7:32 | Build | Mill |
| 7:37 | Create | Villager (Male) |
| 7:52 | Create | Villager (Male) |
| 7:56 | Build | House |
| 8:32 | Create | Villager (Male) |
| 9:07 | Create | Villager (Male) |
| 9:31 | Research | Feudal Age |
| 10:36 | Build | Barracks |
| 11:37 | Build | House |
| 11:43 | Age | Feudal Age |
| 11:45 | Build | Stable |
| 11:46 | Create | Villager (Male) |
| 11:48 | Research | Double-Bit Axe |
| 12:12 | Create | Villager (Male) |
| 12:32 | Build | House |
| 12:38 | Create | Scout Cavalry |
| 12:38 | Create | Scout Cavalry |
| 12:39 | Create | Scout Cavalry |
| 12:40 | Create | Villager (Male) |
| 13:01 | Create | Villager (Male) |
| 13:04 | Build | Blacksmith |
| 13:13 | Build | Mill |
| 13:18 | Create | Villager (Male) |
| 13:24 | Build | House |
| 13:42 | Create | Scout Cavalry |
| 13:44 | Research | Forging |
| 13:47 | Create | Villager (Male) |
| 13:57 | Build | Farm |
| 14:05 | Build | Farm |
| 14:16 | Build | Farm |
| 14:20 | Create | Villager (Male) |
| 14:49 | Create | Villager (Male) |
| 15:04 | Create | Villager (Male) |
| 15:10 | Build | Mill |
| 15:19 | Create | Villager (Male) |
| 15:23 | Create | Scout Cavalry |
| 15:30 | Build | Mill |
| 15:32 | Create | Scout Cavalry |
| 15:46 | Create | Villager (Male) |
| 15:48 | Build | Farm |
| 16:00 | Create | Villager (Male) |
| 16:14 | Build | Farm |
| 16:33 | Create | Villager (Male) |
| 16:36 | Build | Farm |
| 16:45 | Create | Villager (Male) |
| 16:57 | Build | Farm |
| 17:11 | Create | Villager (Male) |
| 17:21 | Build | House |
| 17:24 | Research | Wheelbarrow |
| 17:44 | Create | Villager (Male) |
| 17:48 | Build | Mining Camp |
| 18:04 | Build | House |
| 18:11 | Build | Market |
| 19:22 | Research | Castle Age |
| 19:28 | Research | Gold Mining |
| 20:00 | Research | Bloodlines |
| 20:07 | Build | Stable |
| 22:02 | Age | Castle Age |
| 22:13 | Create | Villager (Male) |
| 22:15 | Create | Knight |
| 22:16 | Create | Knight |
| 22:17 | Research | Scale Barding Armor |
| 22:18 | Create | Villager (Male) |
| 22:19 | Create | Villager (Male) |
| 22:27 | Create | Villager (Male) |
| 22:29 | Build | Town Center |
| 22:34 | Create | Villager (Male) |
| 22:45 | Create | Villager (Male) |
| 22:47 | Create | Knight |
| 22:47 | Create | Knight |
| 23:15 | Create | Knight |
| 23:16 | Create | Villager (Male) |
| 23:16 | Create | Villager (Male) |
| 23:36 | Create | Knight |
| 23:36 | Create | Knight |
| 23:45 | Research | Chain Barding Armor |
| 24:11 | Create | Knight |
| 24:11 | Create | Knight |
| 24:19 | Build | Town Center |
| 24:34 | Create | Knight |
| 25:29 | Create | Villager (Male) |
| 25:29 | Create | Villager (Male) |
| 25:49 | Build | Town Center |
| 25:59 | Build | Farm |
| 26:00 | Create | Villager (Male) |
| 26:00 | Create | Villager (Male) |
| 26:06 | Build | Mining Camp |
| 26:09 | Create | Knight |
| 26:09 | Create | Knight |
| 26:23 | Build | Farm |
| 26:24 | Build | Farm |
| 26:51 | Create | Villager (Male) |
| 26:51 | Create | Villager (Male) |
| 26:53 | Build | Farm |
| 26:55 | Build | Farm |
| 27:02 | Create | Villager (Male) |
| 27:03 | Create | Villager (Male) |
| 27:05 | Research | Stone Mining |
| 27:21 | Build | Farm |
| 27:22 | Create | Villager (Male) |
| 27:22 | Create | Villager (Male) |
| 27:26 | Research | Husbandry |
| 27:28 | Create | Villager (Male) |
| 27:29 | Create | Villager (Male) |
| 27:43 | Build | Farm |
| 27:52 | Create | Villager (Male) |
| 27:52 | Create | Villager (Male) |
| 27:55 | Build | Farm |
| 27:58 | Build | Farm |
| 28:01 | Create | Villager (Male) |
| 28:01 | Create | Villager (Male) |
| 28:13 | Build | Farm |
| 28:16 | Create | Villager (Male) |
| 28:16 | Create | Villager (Male) |
| 28:50 | Create | Villager (Male) |
| 28:50 | Create | Villager (Male) |
| 28:59 | Build | Farm |
| 29:01 | Create | Villager (Male) |
| 29:01 | Create | Villager (Male) |
| 29:08 | Build | Farm |
| 29:18 | Build | Farm |
| 29:20 | Create | Villager (Male) |
| 29:20 | Create | Villager (Male) |
| 29:29 | Build | Mining Camp |
| 29:41 | Research | Town Watch |
| 29:51 | Create | Villager (Male) |
| 29:51 | Create | Villager (Male) |
| 29:53 | Build | House |
| 29:53 | Build | House |
| 30:28 | Create | Villager (Male) |
| 30:28 | Create | Villager (Male) |
| 30:30 | Build | House |
| 30:30 | Build | House |
| 30:35 | Research | Iron Casting |
Build order — CTM | KLIN
First 150 of 177 actions detected
| 1:44 | Build | Town Center |
| 2:57 | Build | House |
| 2:57 | Build | House |
| 3:42 | Build | House |
| 3:44 | Build | House |
| 4:08 | Create | Villager (Male) |
| 4:08 | Create | Villager (Male) |
| 4:12 | Create | Villager (Male) |
| 4:16 | Build | House |
| 4:35 | Create | Villager (Male) |
| 5:16 | Create | Villager (Male) |
| 5:30 | Build | House |
| 5:31 | Build | House |
| 5:47 | Create | Villager (Male) |
| 6:33 | Create | Villager (Male) |
| 6:54 | Create | Villager (Male) |
| 7:12 | Create | Villager (Male) |
| 7:14 | Create | Villager (Male) |
| 7:51 | Create | Villager (Male) |
| 8:33 | Create | Villager (Male) |
| 8:52 | Create | Villager (Male) |
| 9:06 | Create | Villager (Male) |
| 9:10 | Create | Villager (Male) |
| 9:30 | Build | Lumber Camp |
| 9:35 | Build | Lumber Camp |
| 9:51 | Research | Loom |
| 10:01 | Research | Feudal Age |
| 11:19 | Create | Villager (Male) |
| 12:00 | Build | Palisade Gate |
| 12:03 | Build | Palisade Wall |
| 12:10 | Build | Palisade Wall |
| 12:12 | Build | Palisade Wall |
| 12:13 | Build | Palisade Wall |
| 12:33 | Age | Feudal Age |
| 12:36 | Build | Stable |
| 12:44 | Create | Villager (Male) |
| 12:59 | Create | Villager (Male) |
| 13:23 | Create | Scout Cavalry |
| 13:24 | Create | Scout Cavalry |
| 13:33 | Build | Mill |
| 13:35 | Create | Villager (Male) |
| 14:00 | Build | House |
| 14:03 | Build | House |
| 14:07 | Create | Scout Cavalry |
| 14:21 | Create | Villager (Male) |
| 14:33 | Create | Scout Cavalry |
| 14:37 | Create | Villager (Male) |
| 14:47 | Research | Double-Bit Axe |
| 14:52 | Create | Scout Cavalry |
| 15:20 | Create | Scout Cavalry |
| 15:21 | Create | Villager (Male) |
| 15:21 | Create | Villager (Male) |
| 15:40 | Create | Scout Cavalry |
| 15:46 | Create | Villager (Male) |
| 15:51 | Build | Blacksmith |
| 15:58 | Create | Villager (Male) |
| 16:20 | Build | Watch Tower |
| 16:33 | Create | Scout Cavalry |
| 16:47 | Build | House |
| 16:49 | Build | House |
| 16:51 | Research | Forging |
| 17:11 | Build | Palisade Wall |
| 17:12 | Build | Palisade Wall |
| 17:14 | Build | Palisade Wall |
| 17:14 | Build | Palisade Wall |
| 17:15 | Build | Palisade Wall |
| 17:16 | Build | Palisade Wall |
| 17:16 | Build | Palisade Wall |
| 17:17 | Build | Palisade Wall |
| 17:19 | Create | Scout Cavalry |
| 17:27 | Create | Scout Cavalry |
| 17:56 | Research | Fletching |
| 18:02 | Create | Villager (Male) |
| 18:02 | Create | Villager (Male) |
| 18:19 | Create | Scout Cavalry |
| 18:19 | Create | Scout Cavalry |
| 19:48 | Build | House |
| 19:50 | Create | Villager (Male) |
| 20:14 | Create | Villager (Male) |
| 20:41 | Build | Mining Camp |
| 20:55 | Create | Villager (Male) |
| 21:01 | Create | Villager (Male) |
| 21:14 | Create | Villager (Male) |
| 21:28 | Create | Scout Cavalry |
| 21:31 | Research | Scale Barding Armor |
| 21:36 | Build | Farm |
| 21:37 | Build | Farm |
| 21:39 | Build | Farm |
| 21:42 | Build | Farm |
| 21:43 | Build | Farm |
| 21:44 | Build | Farm |
| 22:01 | Build | Watch Tower |
| 22:27 | Create | Villager (Male) |
| 22:43 | Build | Farm |
| 23:01 | Create | Villager (Male) |
| 23:31 | Create | Villager (Male) |
| 23:48 | Build | Archery Range |
| 24:49 | Build | Watch Tower |
| 24:57 | Create | Villager (Male) |
| 25:06 | Build | House |
| 25:32 | Build | Watch Tower |
| 25:59 | Build | Farm |
| 26:06 | Build | Farm |
| 26:20 | Create | Villager (Male) |
| 26:23 | Create | Villager (Male) |
| 26:53 | Build | Farm |
| 26:54 | Build | Farm |
| 26:55 | Build | Farm |
| 27:07 | Create | Villager (Male) |
| 27:20 | Create | Villager (Male) |
| 27:43 | Build | Farm |
| 27:44 | Build | Farm |
| 27:44 | Build | Farm |
| 27:50 | Build | Farm |
| 28:04 | Create | Villager (Male) |
| 28:09 | Create | Villager (Male) |
| 28:44 | Create | Villager (Male) |
| 28:58 | Build | Watch Tower |
| 29:11 | Create | Villager (Male) |
| 29:19 | Build | Palisade Wall |
| 29:21 | Build | Palisade Wall |
| 29:21 | Build | Palisade Wall |
| 29:24 | Build | Palisade Wall |
| 29:25 | Build | Palisade Wall |
| 29:30 | Create | Villager (Male) |
| 29:52 | Build | Market |
| 30:10 | Build | House |
| 30:12 | Build | House |
| 30:26 | Create | Villager (Male) |
| 30:37 | Create | Villager (Male) |
| 30:55 | Build | Farm |
| 30:56 | Build | Farm |
| 30:59 | Build | Farm |
| 31:00 | Build | Farm |
| 31:12 | Build | Farm |
| 31:16 | Create | Villager (Male) |
| 31:37 | Build | Palisade Wall |
| 31:39 | Build | Palisade Wall |
| 31:41 | Build | Palisade Wall |
| 31:56 | Research | Castle Age |
| 32:16 | Build | House |
| 32:18 | Build | House |
| 32:38 | Create | Villager (Male) |
| 33:10 | Build | House |
| 33:20 | Build | Palisade Wall |
| 33:22 | Build | Palisade Wall |
| 33:26 | Build | Palisade Wall |
| 33:41 | Research | Horse Collar |
| 33:45 | Create | Villager (Male) |
| 34:06 | Create | Villager (Male) |
Match timeline
| 6:03 | [CL]LaCumbiaSuave · wall_segment Palisade Wall x1 |
| 7:49 | CTM | Lelouch jugando borracho · wall_segment Palisade Wall x1 |
| 7:56 | CTM | IKARO · wall_segment Palisade Wall x1 |
| 7:58 | CTM | Crawly94 · wall_segment Palisade Wall x1 |
| 7:59 | CTM | Crawly94 · wall_segment Palisade Wall x1 |
| 8:01 | CTM | Crawly94 · wall_segment Palisade Wall x1 |
| 8:07 | CTM | Crawly94 · wall_segment Palisade Wall x10 |
| 8:17 | CTM | Lelouch jugando borracho · wall_segment Palisade Wall x1 |
| 9:01 | CTM | Lelouch jugando borracho · wall_segment Palisade Wall x1 |
| 10:07 | CTM | Crawly94 · wall_segment Palisade Wall x11 |
| 10:36 | ZZZzzzzz.... · first_building Barracks |
| 10:41 | CTM | IKARO · wall_segment Palisade Wall x1 |
| 10:43 | CTM | Crawly94 · wall_segment Palisade Wall x11 |
| 10:46 | CTM | Crawly94 · wall_segment Palisade Wall x6 |
| 11:40 | CTM | Lelouch jugando borracho · wall_segment Palisade Wall x9 |
| 11:43 | ZZZzzzzz.... · age_up feudal |
| 11:45 | ZZZzzzzz.... · first_building Stable |
| 11:50 | [CL] Solid Joso · first_building Barracks |
| 11:55 | [CL]LaCumbiaSuave · age_up feudal |
| 12:03 | CTM | KLIN · wall_segment Palisade Wall x1 |
| 12:06 | CTM | Lelouch jugando borracho · wall_segment Palisade Wall x7 |
| 12:10 | [CL] Solid Joso · age_up feudal |
| 12:10 | CTM | KLIN · wall_segment Palisade Wall x1 |
| 12:12 | CTM | KLIN · wall_segment Palisade Wall x1 |
| 12:13 | CTM | KLIN · wall_segment Palisade Wall x1 |
| 12:26 | [CL]LaCumbiaSuave · first_building Dock |
| 12:33 | CTM | KLIN · age_up feudal |
| 12:36 | CTM | KLIN · first_building Stable |
| 12:39 | CTM | Lelouch jugando borracho · wall_segment Palisade Wall x8 |
| 12:41 | [CL] Solid Joso · first_building Archery Range |
| 12:43 | CTM | Lelouch jugando borracho · wall_segment Palisade Wall x1 |
| 12:45 | CTM | Lelouch jugando borracho · wall_segment Palisade Wall x1 |
| 12:47 | CTM | Lelouch jugando borracho · wall_segment Palisade Wall x1 |
| 12:52 | CTM | Lelouch jugando borracho · wall_segment Palisade Wall x1 |
| 12:54 | CTM | IKARO · wall_segment Palisade Wall x12 |
| 12:56 | CTM | Lelouch jugando borracho · wall_segment Palisade Wall x1 |
| 13:16 | [CL] Solid Joso · wall_segment Palisade Wall x1 |
| 13:24 | CTM | Lelouch jugando borracho · wall_segment Palisade Wall x1 |
| 13:30 | CTM | Lelouch jugando borracho · age_up feudal |
| 13:57 | [CL] Davidlk1412 · age_up feudal |
| 14:16 | CTM | Lelouch jugando borracho · wall_segment Palisade Wall x7 |
| 14:22 | CTM | IKARO · age_up feudal |
| 14:47 | CTM | Crawly94 · age_up feudal |
| 15:22 | CTM | Crawly94 · wall_segment Palisade Wall x4 |
| 15:24 | CTM | IKARO · first_market_sell 100 wood |
| 15:40 | [CL] Davidlk1412 · wall_segment Palisade Wall x1 |
| 15:50 | [CL] Davidlk1412 · wall_segment Palisade Wall x1 |
| 15:53 | [CL] Davidlk1412 · wall_segment Palisade Wall x1 |
| 15:58 | CTM | Lelouch jugando borracho · wall_segment Palisade Wall x1 |
| 15:59 | [CL] Davidlk1412 · wall_segment Palisade Wall x1 |
| 16:01 | CTM | Lelouch jugando borracho · wall_segment Palisade Wall x1 |
| 16:03 | [CL] Davidlk1412 · wall_segment Palisade Wall x1 |
| 16:08 | CTM | Lelouch jugando borracho · wall_segment Palisade Wall x1 |
| 16:10 | CTM | Lelouch jugando borracho · wall_segment Palisade Wall x1 |
| 16:14 | CTM | Lelouch jugando borracho · wall_segment Palisade Wall x1 |
| 16:51 | CTM | Lelouch jugando borracho · age_up castle |
| 17:11 | CTM | KLIN · wall_segment Palisade Wall x1 |
| 17:12 | CTM | KLIN · wall_segment Palisade Wall x1 |
| 17:14 | CTM | KLIN · wall_segment Palisade Wall x1 |
| 17:14 | CTM | KLIN · wall_segment Palisade Wall x1 |
| 17:15 | CTM | KLIN · wall_segment Palisade Wall x1 |
| 17:16 | CTM | KLIN · wall_segment Palisade Wall x1 |
| 17:16 | CTM | KLIN · wall_segment Palisade Wall x1 |
| 17:17 | CTM | KLIN · wall_segment Palisade Wall x1 |
| 17:27 | [CL] Davidlk1412 · age_up castle |
| 17:36 | [CL] Davidlk1412 · first_building Castle |
| 18:15 | CTM | Crawly94 · age_up castle |
| 18:18 | CTM | IKARO · age_up castle |
| 18:24 | CTM | Crawly94 · first_building Barracks |
| 18:26 | CTM | IKARO · first_building Castle |
| 18:56 | CTM | Lelouch jugando borracho · first_building Siege Workshop |
| 19:06 | [CL] Davidlk1412 · first_market_sell 100 food |
| 19:21 | CTM | Lelouch jugando borracho · wall_segment Palisade Wall x1 |
| 19:21 | ZZZzzzzz.... · first_market_sell 100 food |
| 19:23 | CTM | Crawly94 · first_building Stable |
| 20:01 | CTM | Lelouch jugando borracho · first_market_sell 100 wood |
| 20:22 | CTM | IKARO · first_market_buy 100 food |
| 20:47 | CTM | Crawly94 · first_market_buy 100 food |
| 21:20 | CTM | Lelouch jugando borracho · first_building Castle |
| 21:21 | [CL]LaCumbiaSuave · wall_segment Palisade Wall x1 |
| 22:02 | ZZZzzzzz.... · age_up castle |
| 22:16 | [CL]LaCumbiaSuave · first_building Barracks |
| 22:26 | [CL] Davidlk1412 · first_market_buy 100 wood |
| 22:40 | CTM | Lelouch jugando borracho · first_market_buy 100 wood |
| 22:44 | [CL]LaCumbiaSuave · first_building Archery Range |
| 22:49 | [CL] Davidlk1412 · wall_segment Palisade Wall x1 |
| 22:49 | [CL] Davidlk1412 · wall_segment Palisade Wall x1 |
| 22:50 | [CL] Davidlk1412 · wall_segment Palisade Wall x1 |
| 22:50 | [CL] Davidlk1412 · wall_segment Palisade Wall x1 |
| 22:51 | [CL] Davidlk1412 · wall_segment Palisade Wall x1 |
| 22:51 | [CL] Davidlk1412 · wall_segment Palisade Wall x1 |
| 22:54 | [CL] Davidlk1412 · wall_segment Palisade Wall x1 |
| 22:55 | [CL] Davidlk1412 · wall_segment Palisade Wall x1 |
| 22:58 | [CL] Davidlk1412 · wall_segment Palisade Wall x1 |
| 23:01 | [CL] Davidlk1412 · wall_segment Palisade Wall x1 |
| 23:02 | [CL] Davidlk1412 · wall_segment Palisade Wall x1 |
| 23:03 | [CL] Davidlk1412 · wall_segment Palisade Wall x1 |
| 23:05 | [CL] Davidlk1412 · wall_segment Palisade Wall x1 |
| 23:11 | [CL]LaCumbiaSuave · age_up castle |
| 23:48 | CTM | KLIN · first_building Archery Range |
| 23:53 | [CL]LaCumbiaSuave · first_building Castle |
| 23:56 | [CL] Solid Joso · age_up castle |
| 24:00 | [CL] Solid Joso · first_market_sell 100 wood |
| 24:00 | [CL] Solid Joso · first_market_buy 100 stone |
| 24:07 | [CL] Solid Joso · first_building Castle |
| 25:45 | ZZZzzzzz.... · first_market_buy 100 stone |
| 29:19 | CTM | KLIN · wall_segment Palisade Wall x1 |
| 29:21 | CTM | KLIN · wall_segment Palisade Wall x1 |
| 29:21 | CTM | KLIN · wall_segment Palisade Wall x1 |
| 29:24 | CTM | KLIN · wall_segment Palisade Wall x1 |
| 29:25 | CTM | KLIN · wall_segment Palisade Wall x1 |
| 29:45 | [CL] Solid Joso · first_building Siege Workshop |
| 30:28 | [CL]LaCumbiaSuave · first_building Siege Workshop |
| 30:55 | ZZZzzzzz.... · first_building Siege Workshop |
| 31:37 | CTM | KLIN · wall_segment Palisade Wall x1 |
| 31:39 | CTM | KLIN · wall_segment Palisade Wall x1 |
| 31:41 | CTM | KLIN · wall_segment Palisade Wall x1 |
| 31:54 | CTM | KLIN · first_market_buy 100 food |
| 32:44 | [CL]LaCumbiaSuave · first_building Stable |
| 32:48 | CTM | Lelouch jugando borracho · wall_segment Stone Wall x1 |
| 32:50 | [CL]LaCumbiaSuave · first_building Monastery |
| 33:02 | CTM | Lelouch jugando borracho · wall_segment Stone Wall x1 |
| 33:13 | CTM | Lelouch jugando borracho · wall_segment Stone Wall x1 |
| 33:20 | CTM | KLIN · wall_segment Palisade Wall x1 |
| 33:22 | CTM | KLIN · wall_segment Palisade Wall x1 |
| 33:26 | CTM | KLIN · wall_segment Palisade Wall x1 |
| 33:33 | ZZZzzzzz.... · first_building Castle |
| 33:36 | [CL]LaCumbiaSuave · first_market_buy 100 wood |
| 34:17 | CTM | Crawly94 · first_market_sell 100 wood |
| 34:36 | CTM | KLIN · age_up castle |
| 34:38 | CTM | Crawly94 · wall_segment Stone Wall x1 |
| 34:47 | CTM | Crawly94 · first_building Castle |
| 37:43 | [CL]LaCumbiaSuave · age_up imperial |
| 37:57 | CTM | Lelouch jugando borracho · resign |
[ AI ANALYSIS · 1 CREDIT ]
What really happened in this match?
Wolo.gg analyzes every decision: build order, eco, micro, common mistakes by bracket. Personalized analysis on WhatsApp or Discord in 30 seconds.
Civ guide
Cumans
Perfil
[CL]LaCumbiaSuave